Construct Section Command Post
Selects Australian Defense Battlegroup
Selects Australian Light Infantry Section
Australian Light Infantry Section
Australian Light Infantry Section
Construct Platoon Command Post
Australian Light Infantry Section
Selects CMP 15cwt Supply Run
Australian Light Infantry Section
Construct Company Command Post
Selects 2-pounder Anti-tank Gun Team
Selects Reinforced Resource Caches
Construct Field Infirmary
Selects Vehicle Over Repair